 Dungeon Crawl Stone Soup version 0.32-a0-953-g508020473e (webtiles) character file.

Game seed: 18149452743641877638

72 uglyjohn the Chopper (level 4, -3/38 HPs)
             Began as a Mountain Dwarf Monk on Apr 16, 2024.
             Slain by a gnoll
             ... wielding a +0 halberd
              (10 damage)
             ... on level 2 of the Dungeon.
             The game lasted 00:03:02 (1416 turns).

uglyjohn the Chopper (Mountain Dwarf Monk)          Turns: 1416, Time: 00:03:03

Health: -3/38      AC:  3    Str: 15    XL:     4   Next: 6%
Magic:  6/6        EV: 11    Int: 11    God:
Gold:   102        SH:  0    Dex: 12    Spells: 3/3 levels left

rFire   . . .        a - +0 hand axe
rCold   . . .        d - orb {light}
rNeg    . . .        k - +0 leather armour
rPois   .            (no helmet)
rElec   .            (no cloak)
rCorr   .            (no gloves)
SInv    .            (no boots)
Will    .....        (no amulet)
Stlth   +            (no ring)
HPRegen 0.26/turn    (no ring)
MPRegen 0.10/turn

%: no passive effects
@: glowing
A: runic magic, artefact enchanting
a: no special abilities


You were on level 2 of the Dungeon.
You visited 1 branch of the dungeon, and saw 2 of its levels.

You collected 102 gold pieces.

Inventory:

Hand Weapons
 a - a +0 hand axe (weapon)
Armour
 b - a +0 robe
 d - an orb of light (worn)
 k - a +0 leather armour (worn)
Jewellery
 o - a ring of ice
Scrolls
 e - a scroll of acquirement {unknown}
 f - a scroll of immolation {unknown}
 i - 2 scrolls of identify {unknown}
 j - 2 scrolls of poison {unknown}
 l - a scroll of enchant armour {unknown}
 m - 2 scrolls of teleportation {unknown}
 q - a scroll of brand weapon {unknown}
Potions
 c - a potion of ambrosia
 g - a potion of brilliance {unknown}
 h - 2 potions of degeneration {unknown}
 n - a potion of heal wounds {unknown}
 p - a potion of mutation {unknown}


   Skills:
 - Level 3.2 Fighting
 - Level 3.6 Axes
 - Level 2.9 Armour
 - Level 2.1 Dodging
 + Level 3.2 Invocations


You had 3 spell levels left.
You didn't know any spells.
Your spell library contained the following spells:

 Spells                   Type           Power      Damage    Failure   Level
 Slow                     Hex            0%         N/A       36%         1
 Ensorcelled Hibernation  Hex/Ice        0%         N/A       50%         2
 Confusing Touch          Hex            0%         N/A       73%         3
 Fugue of the Fallen      Necr           0%         N/A       73%         3
 Vampiric Draining        Necr           0%         2d6       73%         3
 Anguish                  Hex/Necr       0%         N/A       98%         4


Dungeon Overview and Level Annotations

Branches:
Dungeon (2/15)

Altars:


Innate Abilities, Weirdness & Mutations

Your spellcasting is much less encumbered by armour.
You can use scrolls of enchantment on lesser artefacts.


Message History

Found a falchion.
You see here a +0 falchion.
A gnoll comes into view. It is wielding a +0 halberd.
The gnoll shouts!
You hear a shout!
The gnoll moves out of view.
A gnoll is nearby!
A gnoll is nearby!
The gnoll closely misses you. The gnoll hits you with a +0 halberd!
You hit the gnoll.
The gnoll is lightly wounded.
The gnoll hits you with a +0 halberd!
You hit the gnoll.
The gnoll is heavily wounded.
The gnoll hits you with a +0 halberd.
* * * LOW HITPOINT WARNING * * *
You hit the gnoll.
The gnoll is almost dead.
The gnoll hits you with a +0 halberd.
* * * LOW HITPOINT WARNING * * *
You hit the gnoll.
You kill the gnoll!
Your Invocations skill increases to level 3!
You have reached level 4!
You feel clever.
You start resting.
A gnoll comes into view.
It is wielding a +0 halberd and quivering a throwing net.
A gnoll is nearby!
A gnoll comes into view. It is wielding a +0 club.
The gnoll shouts! x2; You hear a shout!
The gnoll throws a throwing net.
The throwing net hits you.
You become entangled in the net!
You see here a throwing net.
You struggle against the net.
You struggle against the net.
You tear a large gash into the net.
The gnoll hits you with a +0 club!
* * * LOW HITPOINT WARNING * * *
You rip the net and break free!
The gnoll hits you but does no damage.
The gnoll hits you from afar with a +0 halberd!
You die...

#####.........)## ##.
####...#..## #.
###.....####### #.
##...........## #.
##.....>.......###.
#............<.....
#..................
#####...............###
###...g.@...............#
#.......g................
##..####.............##..
#. #......#.....###.#
.........############ #..
....#....# #....# #.####
#.#### #. .. . #


You could see 2 gnolls.

Vanquished Creatures
  2 gnolls
  2 adders (D:2)
  A dart slug (D:1)
  A ball python (D:1)
  4 endoplasms
  3 goblins
  5 hobgoblins
  2 jackals (D:2)
  A kobold (D:1)
  A quokka (D:1)
  4 bats
  2 frilled lizards
  4 rats
32 creatures vanquished.

Notes
Turn   | Place    | Note
-------+----------+-------------------------------------------
     0 | D:1      | uglyjohn the Mountain Dwarf Monk began the quest for the
                  | Orb.
     0 | D:1      | Reached XP level 1. HP: 19/19 MP: 1/1
     6 | D:1      | Noticed a hog
     6 | D:1      | Noticed a lindwurm
     6 | D:1      | Noticed a crocodile
     6 | D:1      | Noticed a rime drake
   136 | D:1      | Reached skill level 1 in Armour
   254 | D:1      | Reached XP level 2. HP: 26/26 MP: 2/2
  1035 | D:2      | Reached skill level 1 in Invocations
  1035 | D:2      | Reached XP level 3. HP: 24/31 MP: 3/3
  1407 | D:2      | Reached XP level 4. HP: 11/38 MP: 6/6
  1416 | D:2      | Slain by a gnoll

Illustrated notes

Levels and vault maps discovered:
D:1:      onia_arrival_zoo_common, layout_basic, corexii_corridor_pit,
          nicolae_hexahallways, serial_park_tiny_2, nicolae_grassy_gnolls
D:2:      layout_rooms

Skill      XL: |  1  2  3 |
---------------+----------+-----
Armour         | 1 2 |  2.9
Invocations    | 1 3 |  3.2
Fighting       | |  3.2
Axes           | |  3.6
Dodging        | |  2.1

Action                     |  1- 3 |  4- 6 || total
---------------------------+-------+-------++-------
  Melee: Hand axe          |    90 |       ||    90
 Armour: Robe              |    28 |       ||    28
         Leather armour    |    22 |     3 ||    25
  Dodge: Dodged            |    50 |       ||    50

Table legend: (Time is in decaauts)
 A = Elapsed time spent in this place.
 B = Non-inter-level travel time spent in this place.
 C = Inter-level travel time spent in this place.
 D = Time resting spent in this place.
 E = Time spent auto-exploring this place.
 F = Levels seen in this place.
 G = Mean time per level.
                   A        B        C        D        E       F      G
               +--------+--------+--------+--------+--------+-----+--------+
         Total |   1426 |   1401 |     25 |     63 |   1052 |   2 |  713.0 |
       Dungeon |   1426 |   1401 |     25 |     63 |   1052 |   2 |  713.0 |
               +--------+--------+--------+--------+--------+-----+--------+

Top non-repeatable levels by time:
     D:1: 1023 daAuts
     D:2: 403 daAuts
